 Dungeon Crawl Stone Soup version 0.28-a0-834-g1a73be5ee4 (webtiles) character file.

Game seed: 14246609875675063127

91 Crownlay the Chopper (level 4, -6/39 HPs)
             Began as a Hill Orc Fighter on Nov 11, 2021.
             Mangled by Crazy Yiuf (12 damage)
             ... on level 2 of the Dungeon.
             The game lasted 00:01:36 (2197 turns).

Crownlay the Chopper (Hill Orc Fighter)             Turns: 2197, Time: 00:01:37

Health: -6/39      AC:  6    Str: 19    XL:     4   Next: 57%
Magic:  4/4        EV:  9    Int:  8    God:
Gold:   111        SH:  4    Dex: 10    Spells: 3/3 levels left

rFire   . . .      SeeInvis .   a - +0 war axe
rCold   . . .      Faith    .   c - +0 buckler
rNeg    + . .      Spirit   .   b - +0 scale mail
rPois   .          Reflect  .   (no helmet)
rElec   .          Harm     .   (no cloak)
rCorr   .          Rampage  .   (no gloves)
Will    .....                   (no boots)
Stlth   ..........              (no amulet)
HPRegen 0.13/turn               e - ring of positive energy
MPRegen 0.09/turn               (no ring)

@: no status effects
A: no striking features
a: no special abilities


You were on level 2 of the Dungeon.
You visited 1 branch of the dungeon, and saw 2 of its levels.

You collected 111 gold pieces.

Inventory:

Hand Weapons
 a - a +0 war axe (weapon)
Armour
 b - a +0 scale mail (worn)
 c - a +0 buckler (worn)
Jewellery
 e - a ring of positive energy (left hand)
Scrolls
 f - a scroll of teleportation {unknown}
 g - a scroll of fear {unknown}
 j - a scroll of identify {unknown}
 n - a scroll of vulnerability {unknown}
Potions
 d - a potion of might
 h - a potion of brilliance {unknown}
 i - a potion of heal wounds {unknown}
 k - a potion of berserk rage {unknown}
 l - a potion of magic {unknown}
 m - a potion of curing {unknown}


   Skills:
 - Level 3.6 Fighting
 * Level 5.6 Axes
 - Level 3.2 Armour
 - Level 4.0 Shields


You had 3 spell levels left.
You didn't know any spells.
Your spell library contained the following spells:

 Spells                   Type           Power      Damage    Failure   Level
 Apportation              Tloc           0%         N/A       77%         1
 Alistair's Intoxication  Tmut/Pois      0%         N/A       100%        5


Dungeon Overview and Level Annotations

Branches:
Dungeon (2/15)

Altars:

Annotations:
D:2 Crazy Yiuf


Message History

You barely miss the goblin. The goblin hits you with a +0 club.
You hit the goblin.
You kill the goblin!
No target in view!
No target in view!
No target in view!
You see here a +0 club.
You see here a +0 ring mail.
There is an open door here.
There is an open door here.
There is a shaft here.
You see here a +0 dagger.
You see here a +0 long sword.
As you open the door, it creaks loudly!
Key pressed, stopping explore.
Crazy Yiuf shouts!
Could not explore, unopened runed door.
Could not explore, unopened runed door.
Okay, then.
As you open the door, it creaks loudly!
You completely miss Crazy Yiuf.
Crazy Yiuf hits you with a +4 quarterstaff of chaos!
Crazy Yiuf freezes you.
Crazy Yiuf hits you with a +4 quarterstaff of chaos!
You barely miss Crazy Yiuf. You block Crazy Yiuf's attack.
You hit Crazy Yiuf.
Crazy Yiuf is lightly wounded.
Crazy Yiuf hits you with a +4 quarterstaff of chaos.
* * * LOW HITPOINT WARNING * * *
Crazy Yiuf freezes you.
* * * LOW HITPOINT WARNING * * *
Okay, then.
You closely miss Crazy Yiuf.
Crazy Yiuf is lightly wounded.
Crazy Yiuf barely misses you.
You hit Crazy Yiuf but do no damage.
Crazy Yiuf is lightly wounded.
Crazy Yiuf closely misses you.
Crazy Yiuf hits you with a +4 quarterstaff of chaos!
You die...

.....# ##.#....##
#.###.###.# #.####
#......# #.# #.# #.#
#.# ####.### #.# #.#
#.# #.# ### ### #.#
#.# #.# #.# #.# #.#
######## ##.###.#
#.######....#.### ###
#......#
#.##.##......#..##...#
#..#####
#...........####@g...#
#..#######
##.........## ###..)#
#......... ##...######
### #.)####### #....#
#..# #.#### ##.# #.#
### #.# #.# #'# #.#
#.# #.# #.# #.# #####
#.# #.#


You could see Crazy Yiuf.

Vanquished Creatures
  3 adders (D:2)
  A worm (D:2)
  3 dart slugs
  3 ball pythons (D:1)
  2 endoplasms
  4 giant cockroaches (D:2)
  7 goblins
  5 hobgoblins
  4 jackals (D:2)
  2 quokkas
  6 bats
  6 kobolds
  2 rats
48 creatures vanquished.

Notes
Turn   | Place    | Note
-------+----------+-------------------------------------------
     0 | D:1      | Crownlay the Hill Orc Fighter began the quest for the Orb.
     0 | D:1      | Reached XP level 1. HP: 19/19 MP: 1/1
    77 | D:1      | Reached skill level 3 in Axes
    81 | D:1      | Reached XP level 2. HP: 23/26 MP: 2/2
   482 | D:1      | Found a faded altar of an unknown god.
   482 | D:1      | Noticed an orange demon
   499 | D:1      | Reached skill level 4 in Axes
   499 | D:1      | Reached XP level 3. HP: 29/31 MP: 3/3
  1233 | D:2      | Reached XP level 4. HP: 39/39 MP: 4/4
  1296 | D:2      | Reached skill level 5 in Axes
  1855 | D:2      | Found a runed translucent door.
  1856 | D:2      | Noticed Crazy Yiuf
  2197 | D:2      | Mangled by Crazy Yiuf

Illustrated notes

Levels and vault maps discovered:
D:1:      dpeg_arrival_pits, layout_loops_ring,
          dreamdust_ecumenical_altar_sealed_demon
D:2:      layout_loops_corners, uniq_crazy_yiuf_cottage

Skill      XL: |  1  2  3  4 |
---------------+-------------+-----
Axes           | 3 4 5 |  5.6
Shields        | 4 |  4.0
Fighting       | |  3.6
Armour         | |  3.2

Action                   |  1- 3 |  4- 6 || total
-------------------------+-------+-------++-------
Melee: War axe           |    88 |    39 ||   127
Armor: Scale mail        |    49 |    16 ||    65
Dodge: Dodged            |    49 |    25 ||    74
Block: Buckler           |    24 |     6 ||    30

Table legend: (Time is in decaauts)
 A = Elapsed time spent in this place.
 B = Non-inter-level travel time spent in this place.
 C = Inter-level travel time spent in this place.
 D = Time resting spent in this place.
 E = Time spent auto-exploring this place.
 F = Levels seen in this place.
 G = Mean time per level.
                   A        B        C        D        E       F      G
               +--------+--------+--------+--------+--------+-----+--------+
         Total |   2231 |   2200 |     31 |      0 |   1899 |   2 | 1115.5 |
       Dungeon |   2231 |   2200 |     31 |      0 |   1899 |   2 | 1115.5 |
               +--------+--------+--------+--------+--------+-----+--------+

Top non-repeatable levels by time:
     D:2: 1480 daAuts
     D:1: 751 daAuts
